 Dungeon Crawl Stone Soup version 0.24.0-37-gcf1ca852f1 (webtiles) character file.

Game seed: 12338722548543101354, levelgen mode: deterministic

443 Mrkan the Covered (level 7, -3/44 HPs)
             Began as a Gargoyle Fighter on Nov 29, 2019.
             Was a Follower of Dithmenos.
             Killed by divine providence
             ... invoked by an orc priest
              (12 damage)
             ... on level 4 of the Dungeon.
             The game lasted 00:06:23 (2975 turns).

Mrkan the Covered (Gargoyle Fighter)                Turns: 2975, Time: 00:06:23

Health: -3/44      AC: 16    Str: 19    XL:     7   Next: 2%
Magic:  7/7        EV:  7    Int:  9    God:    Dithmenos [*.....]
Gold:   149        SH:  9    Dex: 11    Spells: 6/6 levels left

rFire    . . .     SeeInvis .   x - +0 flail (protect)
rCold    . . .     Gourm    .   c - +0 shield
rNeg     + . .     Faith    .   b - +0 scale mail
rPois    ∞         Spirit   .   v - +0 helmet
rElec    +         Reflect  .   (no cloak)
rCorr    .         Harm     .   u - +2 pair of gloves
MR       .....                  (no boots)
Stlth    ..........             (no amulet)
HPRegen  0.14/turn              (no ring)
MPRegen  0.10/turn              (no ring)

@: slowed, wreathed by umbra, very slow
A: negative energy resistance 1, electricity resistance, unbreathing,
petrification resistance, rot immunity, AC +4
a: Renounce Religion


You were on level 4 of the Dungeon.
You worshipped Dithmenos.
Dithmenos was aware of your devotion.
You were not hungry.

You visited 1 branch of the dungeon, and saw 4 of its levels.

You collected 149 gold pieces.

Inventory:

Hand Weapons
 x - a +0 flail of protection (weapon)
Missiles
 n - 6 silver javelins (quivered)
Armour
 b - a +0 scale mail (worn)
 c - a +0 shield (worn)
 u - a +2 pair of gloves (worn)
 v - a +0 helmet (worn)
Jewellery
 a - an uncursed ring of stealth {unknown}
 p - a +3 ring of slaying {unknown}
 q - an uncursed ring of positive energy {unknown}
 r - an uncursed ring of magical power
 s - an uncursed ring of protection from fire {unknown}
 w - a cursed -5 ring of evasion {unknown}
Wands
 y - a wand of digging (5)
Scrolls
 e - a scroll of fear {unknown}
 g - 3 scrolls of identify {unknown}
 h - a scroll of amnesia {unknown}
 l - a scroll of remove curse {unknown}
 t - a scroll of enchant armour {unknown}
Potions
 d - 3 potions of might
 i - a potion of ambrosia {unknown}
 j - a potion of invisibility {unknown}
 k - a potion of degeneration {unknown}
 m - a potion of agility {unknown}
 o - 2 potions of curing {unknown}
Comestibles
 f - 6 rations
 z - a chunk of flesh


   Skills:
 + Level 4.7 Fighting
 * Level 4.8 Maces & Flails
 + Level 4.8 Armour
 + Level 4.6 Shields


You had 6 spell levels left.
You didn't know any spells.
Your spell library contained the following spells:

 Spells                   Type           Power        Failure   Level  Hunger
 Animate Skeleton         Necr           N/A          99%         1    ##.....
 Pain                     Necr           #...         99%         1    ##.....
 Regeneration             Chrm/Necr      #.........   100%        3    ####...
 Vampiric Draining        Necr           #.........   100%        3    ####...
 Animate Dead             Necr           N/A          100%        4    #####..


Dungeon Overview and Level Annotations

Branches:
Dungeon (4/15)             Temple (0/1) D:4

Altars:
Dithmenos
Ru
Zin


Innate Abilities, Weirdness & Mutations

You are resistant to torment.
Your stone body is resilient. (AC +4)
You are immune to poison.
You resist negative energy. (rN+)
You are resistant to electric shocks. (rElec)
You can survive without breathing.
You are immune to petrification.
You are immune to rotting.


Message History

* * * LOW HITPOINT WARNING * * *
The orc wizard hits you but does no damage.
The orc priest hits you but does no damage.
The orc wizard hits you but does no damage.
You block the orc priest's attack.
The orc wizard hits you but does no damage.
The orc wizard hits you but does no damage.
You block the orc wizard's attack.
The orc priest hits you with a +0 dagger of electrocution.
* * * LOW HITPOINT WARNING * * *
The orc wizard hits you but does no damage.
The orc wizard is no longer moving quickly.
The orc wizard barely misses you.
The orc priest hits you with a +0 dagger of electrocution.
* * * LOW HITPOINT WARNING * * *
You block the orc wizard's attack. The orc priest barely misses you.
The orc priest calls down the wrath of Beogh upon you.
Beogh smites you!
You die...

........#............###..)....##
##.........###...###.#.#.......#
##.....).## ##..##.......##...#
##.......####..#...##.####...#
#....................# ......
##..####..##.....##..## .##.<.
#..## ###.......###..# .####.
##..#####......## #..##..## .
#....##.>.#@..####.........
##....#..##.....#......##..
#......##.o#o........##
#.....###............####
#.......................##
#........................#
#........................#
#.......#...........#...##
...##.###...........###..#


You could see an orc priest and an orc wizard.

Vanquished Creatures
  A sky beast (D:3)
  An ogre (D:4)
  An orc priest (D:3)
  An orc wizard (D:3)
  An iguana (D:4)
  A worker ant (D:4)
  3 adders
  4 oozes
  A worm (D:2)
  A dart slug (D:1)
  4 leopard geckos
  18 orcs
  A ball python (D:1)
  3 giant cockroaches
  4 goblins
  11 hobgoblins
  3 jackals (D:3)
  A quokka (D:4)
  10 bats
  7 frilled lizards
  11 kobolds
  A quokka skeleton (D:4)
  6 rats
  A bush (D:3)
96 creatures vanquished.

Notes
Turn   | Place    | Note
-------+----------+-------------------------------------------
     0 | D:1      | Mrkan the Gargoyle Fighter began the quest for the Orb.
     0 | D:1      | Reached XP level 1. HP: 14/14 MP: 1/1
    78 | D:1      | Reached XP level 2. HP: 19/19 MP: 2/2
   257 | D:1      | Reached XP level 3. HP: 18/23 MP: 3/3
   847 | D:2      | Reached XP level 4. HP: 28/29 MP: 4/4
  1593 | D:3      | Found a glowing silver altar of Zin.
  1594 | D:3      | Found a shadowy altar of Dithmenos.
  1600 | D:3      | Noticed a sky beast
  1643 | D:3      | Killed a sky beast
  1643 | D:3      | Reached XP level 5. HP: 21/33 MP: 5/5
  1766 | D:3      | Found a sacrificial altar of Ru.
  1867 | D:3      | Became a worshipper of Dithmenos the Shadowed
  2030 | D:3      | Reached XP level 6. HP: 37/38 MP: 6/6
  2195 | D:3      | Reached * piety under Dithmenos
  2383 | D:4      | Found a staircase to the Ecumenical Temple.
  2917 | D:4      | Reached XP level 7. HP: 41/44 MP: 7/7
  2975 | D:4      | Killed from afar by an orc priest

Levels and vault maps discovered:
D:1:      doesnt_arrival_eight_statues, layout_loops_ring, feat_on_display
D:2:      layout_loops_ring, first_ration
D:3:      minmay_inner_zag, layout_basic, gammafunk_temple_overflow_forgotten
D:4:      layout_cave_pools, minmay_temple_entry_tees, nzn_random_ring

Skill      XL: |  1  2  3  4 |
---------------+-------------+-----
Maces & Flails | 3 4 |  4.8
Armour         | 4 |  4.8
Fighting       | 4 |  4.7
Shields        | 4 |  4.6

Action                   |  1- 3 |  4- 6 |  7- 9 || total
-------------------------+-------+-------+-------++-------
Melee: Flail             |   115 |   311 |    13 ||   439
  Eat: Chunk             |       |     7 |     1 ||     8
Armor: Scale mail        |    64 |   141 |    18 ||   223
Dodge: Dodged            |    43 |    67 |    16 ||   126
Block: Shield            |    68 |   116 |    18 ||   202
